 Dungeon Crawl Stone Soup version 0.27-a0-1147-gb3d8e82157 (webtiles) character file.

Game seed: 8399202442996124817

6341 Froggeryz the Frost Mage (level 11, -4/87 HPs)
             Began as a Human Ice Elementalist on May 12, 2021.
             Was a Follower of Vehumet.
             Engulfed by a cloud of flame (20 damage)
             ... while paralysed
             ... on level 8 of the Dungeon.
             The game lasted 00:17:25 (10982 turns).

Froggeryz the Frost Mage (Human Ice Elementalist)  Turns: 10982, Time: 00:17:26

Health: -4/87      AC:  8    Str:  5 (8)  XL:     11   Next: 16%
Magic:  14/14      EV:  2    Int: 27 (29) God:    Vehumet [*.....]
Gold:   457        SH:  0    Dex: 13 (14) Spells: 7/14 levels left

rFire    . . .     SeeInvis .   y - +9 mace of Pineal {chaos, rPois Int+4}
rCold    . . .     Faith    .   (no shield)
rNeg     . . .     Spirit   .   a - +0 robe
rPois    +         Reflect  .   j - +2 hat
rElec    .         Harm     .   c - +2 cloak
rCorr    .         Rampage  .   t - +0 pair of gloves
Will     +....                  (no boots)
Stlth    ++........             (no amulet)
HPRegen  0.24/turn              l - +6 ring of intelligence
MPRegen  0.14/turn              s - ring of willpower

@: paralysed, mighty, brilliant, on berserk cooldown, hasted and slowed,
studying Fighting
A: no striking features
a: Renounce Religion


You were on level 8 of the Dungeon.
You worshipped Vehumet.
Vehumet was aware of your devotion.
You visited 2 branches of the dungeon, and saw 9 of its levels.
You also visited: Sewer.

You collected 522 gold pieces.
You spent 65 gold pieces at shops.

Inventory:

Hand Weapons
 y - the +9 mace of Pineal (weapon) {chaos, rPois Int+4}
   (You found it on level 7 of the Dungeon)

   Each time it hits an enemy it has a different, random effect.
   It affects your intelligence (+4).
   It protects you from poison.
Armour
 a - a +0 robe (worn)
 c - a +2 cloak (worn)
 j - a +2 hat (worn)
 t - a +0 pair of gloves (worn)
Magical Staves
 d - a staff of conjuration
Jewellery
 l - a +6 ring of intelligence (left hand)
 q - a ring of resist corrosion
 s - a ring of willpower (right hand)
 v - a ring of magical power
Wands
 e - a wand of acid (1)
 m - a wand of flame (6)
 w - a wand of iceblast (17)
Scrolls
 b - 2 scrolls of noise
 f - 3 scrolls of enchant weapon
 p - 2 scrolls of fear
 x - a scroll of fog
 A - 2 scrolls of teleportation
 D - a scroll of enchant armour
Potions
 g - 5 potions of flight
 h - 3 potions of heal wounds
 i - 4 potions of curing
 k - 2 potions of cancellation {unknown}
 n - a potion of might
 o - 2 potions of invisibility
 r - 2 potions of lignification
 u - a potion of brilliance


   Skills:
 - Level 8.4 Fighting
 + Level 2.0 Dodging
 - Level 2.0 Stealth
 + Level 2.0 Spellcasting
 + Level 13.9 Ice Magic


You had 7 spell levels left.
You knew the following spells:

 Your Spells              Type           Power      Damage    Failure   Level
a - Freeze                Ice            100%       1d11      1%          1
b - Frozen Ramparts       Ice            100%       1d12      1%          3
c - Ozocubu's Armour      Ice            86%        N/A       1%          3

Your spell library contained the following spells:

 Spells                   Type           Power      Damage    Failure   Level
 Shock                    Conj/Air       16%        1d4       10%         1
 Hailstorm                Conj/Ice       57%        3d12      5%          4
 Sandblast                Erth           8%         2d5       10%         1
 Passwall                 Tmut/Erth      3%         N/A       14%         2
 Metabolic Englaciation   Hex/Ice        28%        N/A       16%         5
 Stone Arrow              Conj/Erth      8%         3d7       28%         3
 Petrify                  Tmut/Erth      4%         N/A       67%         4
 Lee's Rapid Deconstruct  Erth           2%         3d5*      95%         5


Dungeon Overview and Level Annotations

Branches:
Dungeon (8/15)             Temple (1/1) D:7            Lair (0/6) D:8
  Sewer (visited)

Altars:
Ashenzari
Cheibriados
Dithmenos
Fedhas
Kikubaaqudgha
Makhleb
Nemelex Xobeh
Okawaru
Qazlal
Ru
Sif Muna
Trog
Uskayaw
Vehumet
Wu Jian
Yredelemnul
Zin

Shops:
D:8 !


Message History

There is a staircase to the Lair here.
Partly explored, can't reach some items and places.
Really walk into a travel-excluded area?
Really walk into that cloud of flame?
You are engulfed in blazing flames.
You start resting.
HP restored.
Really walk into a travel-excluded area? [Y]es or [N]o only, please.
Really walk into a travel-excluded area?
Okay, then.
Okay, then.
Unknown command.
You remove your ring of resist corrosion.
s - a ring of willpower (right hand) It was a potion of might.
You feel very mighty all of a sudden.
It was a potion of haste.
You feel yourself speed up.
It was a potion of brilliance.
You feel clever all of a sudden.
It was a potion of degeneration.
There was something very wrong with that liquid.
You feel weakened.
You feel dopey.
You feel clumsy.
It was a potion of berserk rage.
A red film seems to cover your vision as you go berserk!
You feel yourself moving faster!
You feel mighty!
Really walk into a travel-excluded area?
You feel a strong urge to attack something.
Really walk into that cloud of flame?
You are engulfed in blazing flames.
You feel your anger nearly subside.
You are engulfed in blazing flames.
You are engulfed in blazing flames.
You are no longer berserk.
You pass out from exhaustion.
You feel yourself slow down.
You are engulfed in blazing flames. x2
* * * LOW HITPOINT WARNING * * *
You are engulfed in blazing flames.
You die...

####)....# ###.......##.#
#######.....# ##...#####.#
............# #§°°# #.#
#######.#...## #§§☼# #.#
##.......# #○§§# #.#
#####(..####.#####...#####.#
......#.# #..☼°§.....°°☼..#
#######.####..§§§.$$$.○§○..#
# ###.........°○@.$...§§§.##
###...######.#####...#####
....### #.# #§○°# ##### #.#
#§°§# #.# #§°°# #.#####...#
#........# ##########


There were no monsters in sight!

Vanquished Creatures
  Pikel (D:8)
  An elephant (D:8)
  A hornet (D:8)
  A yak (D:8)
  A wyvern (D:6)
  A basilisk (D:8)
  6 humans (D:6)
  3 steam dragons
  Menkaure (D:4)
  3 water moccasins
  3 orc warriors
  2 black bears
  A necrophage (D:5)
  2 ogres
  6 centaurs
  A phantom (D:5)
  A kobold brigand (D:7)
  3 bullfrogs
  5 killer bees (D:7)
  16 wights
  2 centaur zombies
  3 jellies (D:6)
  3 orc priests (D:7)
  2 bullfrog skeletons
  2 hounds
  A gnoll shaman (D:8)
  Natasha (thrice) (D:4)
  An iguana (D:5)
  2 orc wizards
  Ijyb (D:4)
  A howler monkey zombie (D:6)
  Robin (D:4)
  2 gnolls (D:8)
  2 howler monkey skeletons (D:5)
  11 adders
  A shadow imp (D:5)
  An ufetubus (D:5)
  2 worms
  5 dart slugs
  21 orcs
  5 ball pythons
  6 endoplasms
  11 giant cockroaches
  12 goblins
  8 hobgoblins
  7 jackals
  6 quokkas
  4 bats
  A frilled lizard (D:2)
  18 kobolds
  6 rats
210 creatures vanquished.

Vanquished Creatures (others)
  A gnoll (D:8)
  A fungus (D:8)
2 creatures vanquished.

Grand Total: 212 creatures vanquished

Notes
Turn   | Place    | Note
-------+----------+-------------------------------------------
     0 | D:1      | Froggeryz the Human Ice Elementalist began the quest for
                  | the Orb.
     0 | D:1      | Reached XP level 1. HP: 13/13 MP: 3/3
   253 | D:1      | Found a faded altar of an unknown god.
   795 | D:1      | Reached XP level 2. HP: 19/19 MP: 0/5
  1162 | D:2      | Reached skill level 5 in Ice Magic
  1162 | D:2      | Reached XP level 3. HP: 13/24 MP: 1/6
  1711 | D:2      | Reached XP level 4. HP: 26/30 MP: 4/7
  2661 | D:3      | Noticed a steam dragon
  2778 | D:2      | Learned a level 3 spell: Frozen Ramparts
  2784 | D:3      | Killed a steam dragon
  2785 | D:3      | Reached skill level 7 in Ice Magic
  2785 | D:3      | Reached XP level 5. HP: 30/35 MP: 2/8
  2785 | D:3      | Reached XP level 6. HP: 35/41 MP: 2/9
  2893 | D:3      | Found a glowing silver altar of Zin.
  2894 | D:3      | Noticed an angel
  3138 | D:3      | Found a blossoming altar of Fedhas.
  3544 | D:4      | Found a stormy altar of Qazlal.
  3941 | D:4      | Noticed Ijyb
  3950 | D:4      | Killed Ijyb
  3951 | D:4      | Reached XP level 7. HP: 39/46 MP: 2/10
  4032 | D:4      | Noticed a water moccasin
  4104 | D:4      | Killed a water moccasin
  4105 | D:4      | Reached skill level 8 in Ice Magic
  4325 | D:4      | Found a shadowy altar of Dithmenos.
  4327 | D:4      | Noticed Menkaure
  4344 | D:4      | Killed Menkaure
  4345 | D:4      | Reached skill level 1 in Fighting
  4369 | D:4      | Noticed Robin
  4372 | D:4      | Noticed Natasha
  4375 | D:4      | Killed Natasha
  4393 | D:4      | Killed Robin
  4886 | D:4      | Noticed Natasha
  4893 | D:4      | Killed Natasha
  4894 | D:4      | Reached skill level 9 in Ice Magic
  4894 | D:4      | Reached XP level 8. HP: 43/56 MP: 7/11
  5076 | D:4      | Noticed Natasha
  5080 | D:4      | Killed Natasha
  5229 | D:4      | Found a sparkling altar of Nemelex Xobeh.
  5235 | D:4      | Learned a level 3 spell: Ozocubu's Armour
  5291 | D:5      | Entered Level 5 of the Dungeon
  5618 | D:5      | Found a glowing drain.
  5627 | Sewer    | Entered a sewer
  5895 | D:5      | Found a sacrificial altar of Ru.
  5895 | D:5      | Found a burning altar of Makhleb.
  5907 | D:5      | Reached skill level 10 in Ice Magic
  6112 | D:5      | Found a bloodstained altar of Trog.
  6442 | D:6      | Noticed a wyvern
  6447 | D:6      | Killed a wyvern
  6448 | D:6      | Reached XP level 9. HP: 54/65 MP: 5/12
  6883 | D:6      | Reached skill level 5 in Fighting
  6883 | D:6      | Reached skill level 11 in Ice Magic
  7440 | D:6      | Found an ornate altar of the Wu Jian Council.
  7631 | D:6      | Reached XP level 10. HP: 53/76 MP: 6/13
  7635 | D:6      | Reached skill level 12 in Ice Magic
  8690 | D:7      | Identified the +9 mace of Pineal {chaos, rPois Int+4}
  8698 | D:7      | Found a staircase to the Ecumenical Temple.
  8722 | Temple   | Entered the Ecumenical Temple
  8890 | Temple   | Became a worshipper of Vehumet
  9480 | D:7      | Found a shimmering blue altar of Sif Muna.
  9728 | D:7      | Reached skill level 13 in Ice Magic
  9814 | D:8      | Noticed Pikel
  9820 | D:8      | Killed Pikel
 10011 | D:8      | Found Alaxeak's Distillery.
 10017 | D:8      | Bought a potion of heal wounds for 65 gold pieces
 10095 | D:8      | Found a staircase to the Lair.
 10095 | D:8      | Noticed an elephant
 10106 | D:8      | Killed an elephant
 10107 | D:8      | Reached XP level 11. HP: 43/86 MP: 5/14
 10112 | D:8      | Reached * piety under Vehumet
 10112 | D:8      | Offered knowledge of Shock by Vehumet.
 10677 | D:8      | Found an ancient bone altar of Kikubaaqudgha.
 10979 | D:8      | Identified the +2 helmet "Uremi" {Int+2 Dex+6}
 10982 | D:8      | Engulfed by a cloud of flame

Illustrated notes

Levels and vault maps discovered:
D:1:      giann_bridges, layout_basic, basic_ecumenical_altar
D:2:      layout_loops_ring, serial_rivers, chequers_serial_rivers_micro_d,
          chequers_serial_rivers_large_a, chequers_serial_rivers_large_b,
          chequers_serial_rivers_small_a, minmay_cut_off
D:3:      layout_basic, zin_angel, fedhas_altar_1
D:4:      layout_cave_pools, amcnicky_altar_gilded, grunt_dithmenos_smoke,
          lemuel_coloured_pillars_altar, chequers_serial_rivers_small_b,
          uniq_ijyb, uniq_natasha, uniq_robin, uniq_menkaure
D:5:      layout_basic, bloody_trog, gammafunk_temple_overflow_elements,
          gup_sewer_entry_pipe, hangedman_abyss_or_decor_slice,
          minmay_crystal_room
D:6:      nicolae_whirlpool, layout_loops_ring, nzn_wu_jian_contemplation,
          minmay_ruffians
D:7:      layout_basic, kennysheep_mini, minmay_temple_entry_grid
D:8:      layout_rooms, nicolae_overflow_hidden_temple, david_lair_generic,
          serial_shops, shop, nicolae_lava_and_water, lemuel_flame_loot_1,
          uniq_pikel
Temple:   dpeg_chambers_temple

Skill      XL: |  1  2  3  4  5  6  7  8  9 10 |
---------------+-------------------------------+-----
Ice Magic      | 5 7 9 10 11 13 | 13.9
Fighting       | 1 4 6 8 |  8.4
Dodging        | |  2.0
Stealth        | |  2.0
Spellcasting   | |  2.0

Action                   |  1- 3 |  4- 6 |  7- 9 | 10-12 || total
-------------------------+-------+-------+-------+-------++-------
Melee: Staff             |    37 |    92 |   178 |    60 ||   367
       Unarmed           |     1 |       |       |       ||     1
       Mace              |       |       |       |    61 ||    61
 Cast: Freeze            |    35 |    57 |    48 |     8 ||   148
       Frozen Ramparts   |       |     7 |    26 |    23 ||    56
       Ozocubu's Armour  |       |       |     6 |    12 ||    18
Evoke: Wand              |       |       |    16 |     6 ||    22
  Use: Scroll            |       |     6 |     6 |     2 ||    14
       Potion            |       |     1 |       |     5 ||     6
 Stab: Sleeping          |     2 |     5 |     1 |     2 ||    10
       Paralysed         |       |       |       |     1 ||     1
Armor: Robe              |    20 |    82 |   104 |    61 ||   267
Dodge: Dodged            |    51 |   147 |   185 |   102 ||   485

Table legend: (Time is in decaauts)
 A = Elapsed time spent in this place.
 B = Non-inter-level travel time spent in this place.
 C = Inter-level travel time spent in this place.
 D = Time resting spent in this place.
 E = Time spent auto-exploring this place.
 F = Levels seen in this place.
 G = Mean time per level.
                   A        B        C        D        E       F      G
               +--------+--------+--------+--------+--------+-----+--------+
         Total |  11187 |  10830 |    357 |   1394 |   7526 |  10 | 1118.7 |
       Dungeon |  10817 |  10512 |    305 |   1394 |   7266 |   8 | 1352.1 |
        Temple |    195 |    143 |     52 |      0 |    141 |   1 |  195.0 |
         Sewer |    174 |    174 |      0 |      0 |    118 |   1 |  174.0 |
               +--------+--------+--------+--------+--------+-----+--------+

Top non-repeatable levels by time:
     D:2: 1784 daAuts
     D:6: 1659 daAuts
     D:4: 1554 daAuts
     D:7: 1456 daAuts
     D:8: 1230 daAuts
     D:5: 1073 daAuts
     D:3: 1067 daAuts
     D:1: 990 daAuts
  Temple: 195 daAuts
   Sewer: 174 daAuts
